 Dungeon Crawl Stone Soup version 0.30-a0-857-gcaf70739d4 (webtiles) character file.

Game seed: 1816609037643892585

21 demibob the Poker (level 2, 0/22 HPs)
             Began as a Demonspawn Wanderer on Mar 6, 2023.
             Slain by a kobold
             ... wielding a +2 dagger of freezing
              (1 damage)
             ... on level 1 of the Dungeon.
             The game lasted 00:01:06 (489 turns).

demibob the Poker (Demonspawn Wanderer)              Turns: 489, Time: 00:01:06

Health: 0/22       AC:  3    Str: 15    XL:     2   Next: 62%
Magic:  3/3        EV: 11    Int: 13    God:
Gold:   51         SH:  0    Dex:  9    Spells: 2/3 levels left

rFire   . . .      SeeInvis .    a - +1 trident
rCold   . . .      Faith    .    (no shield)
rNeg    . . .      Spirit   .    c - +0 leather armour
rPois   .          Reflect  .    (helmet restricted)
rElec   .          Rampage  .    (no cloak)
rCorr   .                        (no gloves)
Will    .....                    (no boots)
Stlth   +                        (no amulet)
HPRegen 0.23/turn                (no ring)
MPRegen 0.08/turn                (no ring)

@: no status effects
A: horns 1
a: no special abilities


You were on level 1 of the Dungeon.
You visited 1 branch of the dungeon, and saw 1 of its levels.

You collected 51 gold pieces.


Innate Abilities, Weirdness & Mutations

You have a pair of small horns on your head.


   Skills:
 - Level 2.0 Fighting
 + Level 3.0 Polearms
 - Level 1.0 Throwing
 - Level 1.7 Armour
 - Level 1.0 Spellcasting
 - Level 1.7 Earth Magic


You had 2 spell levels left.
You knew the following spells:

 Your Spells              Type           Power      Damage    Failure   Level
z - Sandblast             Erth           10%        2d5       17%         1

Your spell library contained the following spells:

 Spells                   Type           Power      Damage    Failure   Level
 Stone Arrow              Conj/Erth      4%         3d7       58%         3

Inventory:

Hand Weapons
 a - a +1 trident (weapon)
Armour
 c - a +0 leather armour (worn)
 d - a +0 pair of gloves
Scrolls
 b - a scroll of blinking
 e - a scroll of identify {unknown}

Dungeon Overview and Level Annotations

Branches:
Dungeon (1/15)

Altars:

Shops:
D:1

: ##...#'#.###### .#.....
######.#.# ########.#.?...
.......#.# #..............
########.# #...........#..
#...##.# #.......?......
#...##.# #.......†......
#...##.# #.......K......
#...)††# #.###K##+#.....
##.....# #.# #@# ....
#.....###.###+##### . ##
#.........#.......#
(#############.......# #.
..##.......# #.......####...
#.##.......###...........).#
#..........#...............+
##........†'.....#.........#
.#.........#...###..[......#


You could see a kobold.


Message History

The kobold attacks as you move away!
The kobold hits you with a +2 dagger of freezing.
* * * LOW HITPOINT WARNING * * *
The kobold freezes you.
* * * LOW HITPOINT WARNING * * *
The kobold hits you with a +0 short sword of speed.
* * * LOW HITPOINT WARNING * * *
The kobold completely misses you. The kobold attacks as you move away!
The kobold closely misses you.
It was a potion of curing.
You feel better. The quokka completely misses you.
You puncture the quokka!
You kill the quokka!
You barely miss the kobold. You headbutt the kobold.
You kill the kobold!
Your Polearms skill increases to level 3!
You closely miss the kobold.
The kobold hits you with a +2 dagger of freezing.
* * * LOW HITPOINT WARNING * * *
The kobold freezes you.
* * * LOW HITPOINT WARNING * * *
You closely miss the kobold.
The kobold hits you with a +2 dagger of freezing.
* * * LOW HITPOINT WARNING * * *
The kobold freezes you.
* * * LOW HITPOINT WARNING * * *
You completely miss the kobold.
The kobold hits you with a +2 dagger of freezing.
* * * LOW HITPOINT WARNING * * *
The kobold freezes you.
You die...

Skill      XL: |  1  2 |
---------------+-------+-----
Polearms       | 2 3 |  3.0
Fighting       | |  2.0
Throwing       | |  1.0
Armour         | |  1.7
Spellcasting   | |  1.0
Earth Magic    | |  1.7

Action                     || total
---------------------------++-------
  Melee: Trident           ||    50
         Headbutt          ||     4
    Use: Potion            ||     1
 Armour: Leather armour    ||     8
  Dodge: Dodged            ||    30

Levels and vault maps discovered:
D:1:      dpeg_arrival_rooms_a, layout_basic, serial_shops, shop

Notes
Turn   | Place    | Note
-------+----------+-------------------------------------------
     0 | D:1      | demibob the Demonspawn Wanderer began the quest for the
                  | Orb.
     0 | D:1      | demibob set off with the following items: a +1 trident, a
                  | scroll of blinking, a +0 leather armour; and the following
                  | spell memorised: Sandblast; and the following spells
                  | available to memorise: Stone Arrow.
     0 | D:1      | Reached XP level 1. HP: 16/16 MP: 2/2
    74 | D:1      | Reached skill level 2 in Polearms
    93 | D:1      | Found Atsuacka's Book Emporium.
   311 | D:1      | Gained mutation: You have a pair of small horns on your
                  | head. [demonic ancestry]
   311 | D:1      | Reached XP level 2. HP: 9/22 MP: 3/3
   487 | D:1      | Reached skill level 3 in Polearms
   488 | D:1      | HP: 2/22 [kobold/+2 dagger of freezing (1)]
   489 | D:1      | Slain by a kobold

Vanquished Creatures
  An endoplasm (D:1)
  2 giant cockroaches (D:1)
  3 goblins (D:1)
  2 hobgoblins (D:1)
  A quokka (D:1)
  2 ball pythons (D:1)
  2 bats (D:1)
  A frilled lizard (D:1)
  2 kobolds (D:1)
  5 rats (D:1)
21 creatures vanquished.

Table legend: (Time is in decaauts)
 A = Elapsed time spent in this place.
 B = Non-inter-level travel time spent in this place.
 C = Inter-level travel time spent in this place.
 D = Time resting spent in this place.
 E = Time spent auto-exploring this place.
 F = Levels seen in this place.
 G = Mean time per level.
                   A        B        C        D        E       F      G
               +--------+--------+--------+--------+--------+-----+--------+
         Total |    497 |    497 |      0 |     57 |    339 |   1 |  497.0 |
       Dungeon |    497 |    497 |      0 |     57 |    339 |   1 |  497.0 |
               +--------+--------+--------+--------+--------+-----+--------+

Top non-repeatable levels by time:
     D:1: 497 daAuts

Table legend:
 A = Non-vault XP
 B = Vault XP
 C = Vault XP percentage of total XP
 D = Non-vault monster count
 E = Vault monster count
 F = Vault count percentage of total count
                 A         B        C        D         E       F
            +---------+---------+-------+---------+---------+-------
      Total |      30 |       0 |   0.0 |      21 |       0 |   0.0
            +---------+---------+-------+---------+---------+-------
        D:1 |      30 |       0 |   0.0 |      21 |       0 |   0.0
            +---------+---------+-------+---------+---------+-------
